 Dungeon Crawl Stone Soup version 0.29-a0-563-g64e4043184 (webtiles) character file.

Game seed: 9563224827277322031

23 lesaewzxc the Skirmisher (level 2, 0/19 HPs)
             Began as a Gargoyle Berserker on June 11, 2022.
             Was a Follower of Uskayaw.
             Slain by an orc
             ... wielding a +0 hand axe
              (5 damage)
             ... on level 2 of the Dungeon.
             The game lasted 00:05:16 (1046 turns).

lesaewzxc the Skirmisher (Gargoyle Berserker)       Turns: 1046, Time: 00:05:16

Health: 0/19       AC:  5    Str: 20    XL:     2   Next: 95%
Magic:  2/2        EV: 12    Int:  7    God:    Uskayaw [*.....]
Gold:   21         SH:  0    Dex:  9    Spells: 1/1 levels left

rFire   . . .      SeeInvis .   c - staff of poison
rCold   . . .      Faith    .   (no shield)
rNeg    + . .      Spirit   .   b - +0 animal skin
rPois   ∞          Reflect  .   (no helmet)
rElec   +          Harm     .   (no cloak)
rCorr   .          Rampage  .   (no gloves)
Will    .....                   (no boots)
Stlth   +.........              (no amulet)
HPRegen 0.06/turn               (no ring)
MPRegen 0.08/turn               (no ring)

@: no status effects
A: sickness immunity, AC +2, negative energy resistance 1, electricity
resistance, torment resistance 1, petrification resistance
a: Renounce Religion, Stomp


You were on level 2 of the Dungeon.
You worshipped Uskayaw.
Uskayaw was noncommittal.
You visited 1 branch of the dungeon, and saw 2 of its levels.

You collected 21 gold pieces.

Inventory:

Hand Weapons
 a - a +0 mace
Missiles
 e - a throwing net (quivered)
Armour
 b - a +0 animal skin (worn)
 d - a +0 robe
Magical Staves
 c - a staff of poison (weapon)
Jewellery
 f - an amulet of guardian spirit


   Skills:
 * Level 3.5 Fighting
 - Level 3.0(3.1) Maces & Flails
 * Level 0.5(2.0) Staves
 + Level 2.3 Armour
 * Level 1.7 Dodging
 * Level 0.9 Poison Magic
 * Level 0.6 Evocations


You had one spell level left.
You didn't know any spells.
Your spell library contained the following spells:

 Spells                   Type           Power      Damage    Failure   Level
 Static Discharge         Conj/Air       0%         N/A       56%         2
 Lightning Bolt           Conj/Air       0%         1d11      100%        5
 Maxwell's Capacitive Co  Air            0%         ∞         100%        8


Dungeon Overview and Level Annotations

Branches:
Dungeon (2/15)

Altars:
Uskayaw

Shops:
D:1 :


Innate Abilities, Weirdness & Mutations

You are immune to sickness and miasma.
Your stone body is resilient. (AC +2)
You are immune to poison.
You resist negative energy. (rN+)
You are resistant to electric shocks. (rElec)
You are resistant to unholy torment.
You are immune to petrification.


Message History

You closely miss the quokka. The quokka barely misses you.
You hit the quokka.
The quokka is severely wounded.
The quokka closely misses you.
You hit the quokka but do no damage.
The quokka is severely wounded.
The quokka misses you.
You miss the quokka.
The quokka is severely wounded.
The quokka misses you.
The quokka bites you but does no damage.
You closely miss the quokka.
The quokka is heavily wounded.
The quokka barely misses you.
You barely miss the quokka.
The quokka is heavily wounded.
The quokka barely misses you.
You barely miss the quokka.
The quokka is heavily wounded.
The quokka bites you but does no damage. x2
You hit the quokka.
You kill the quokka!
You closely miss the orc. The orc barely misses you.
You hit the orc but do no damage. The orc completely misses you.
The orc hits you with a +0 hand axe.
You hit the orc but do no damage. The orc barely misses you.
You barely miss the orc. The orc barely misses you.
You hit the orc but do no damage. The orc hits you with a +0 hand axe.
You hit the orc but do no damage. The orc hits you with a +0 hand axe.
You hit the orc.
The orc is lightly wounded.
The orc hits you with a +0 hand axe.
* * * LOW HITPOINT WARNING * * *
You hit the orc but do no damage.
The orc is lightly wounded.
The orc barely misses you.
You barely miss the orc.
The orc is lightly wounded.
The orc hits you with a +0 hand axe.
You die...

#.#.#.# #..#
#.#.#.# #..#
#.#.#.#####..#
#.#.#........#
#.#.########.#
#.#[########.#
#.#..........#
#.############.
#......@o......
#.#############
###


You could see an orc.

Vanquished Creatures
  A dart slug (D:2)
  4 ball pythons (D:1)
  An endoplasm (D:1)
  2 goblins (D:1)
  4 hobgoblins
  3 quokkas
  A kobold (D:1)
  2 rats
18 creatures vanquished.

Vanquished Creatures (others)
  A plant (D:1)
  2 withered plants (D:1)
3 creatures vanquished.

Grand Total: 21 creatures vanquished

Notes
Turn   | Place    | Note
-------+----------+-------------------------------------------
     0 | D:1      | lesaewzxc the Gargoyle Berserker began the quest for the
                  | Orb.
     0 | D:1      | Reached XP level 1. HP: 14/14 MP: 1/1
    98 | D:1      | Fell from the grace of Trog
   468 | D:1      | Reached XP level 2. HP: 18/19 MP: 2/2
   529 | D:1      | Found a faded altar of an unknown god.
   550 | D:1      | Prayed at the altar of an unknown god.
   550 | D:1      | Became a worshipper of Uskayaw the Reveller
   550 | D:1      | Reached * piety under Uskayaw
   735 | D:1      | Found Woyheor's Book Shop.
   874 | D:1      | Reached ** piety under Uskayaw
  1046 | D:2      | Slain by an orc

Illustrated notes

Levels and vault maps discovered:
D:1:      nicolae_arrival_somewhat_less_tricky_arrival, layout_loops_ring,
          shapermc_ecumenical_altar_flowoftime, serial_shops, nicolae_shop_trees
D:2:      layout_basic, uniq_natasha

Action                   || total
-------------------------++-------
Melee: Staff             ||    80
       Mace              ||     3
Invok: Renounce Religion ||     1
  Use: Scroll            ||     2
Armor: Animal skin       ||    16
Dodge: Dodged            ||    47

Table legend: (Time is in decaauts)
 A = Elapsed time spent in this place.
 B = Non-inter-level travel time spent in this place.
 C = Inter-level travel time spent in this place.
 D = Time resting spent in this place.
 E = Time spent auto-exploring this place.
 F = Levels seen in this place.
 G = Mean time per level.
                   A        B        C        D        E       F      G
               +--------+--------+--------+--------+--------+-----+--------+
         Total |   1054 |   1039 |     15 |      0 |    478 |   2 |  527.0 |
       Dungeon |   1054 |   1039 |     15 |      0 |    478 |   2 |  527.0 |
               +--------+--------+--------+--------+--------+-----+--------+

Top non-repeatable levels by time:
     D:1: 897 daAuts
     D:2: 157 daAuts
